 Dungeon Crawl Stone Soup version 0.29.1-12-g30fa7ad0bf (webtiles) character file.

Game seed: 1863326694745239296

189 Peloso the Covered (level 5, -1/47 HPs)
             Began as a Minotaur Fighter on Dec 28, 2022.
             Slain by Blork the orc
             ... wielding a +0 mace of venom
              (5 damage)
             ... on level 4 of the Dungeon.
             The game lasted 00:06:11 (3209 turns).

Peloso the Covered (Minotaur Fighter)               Turns: 3209, Time: 00:06:12

Health: -1/47      AC:  7    Str: 20    XL:     5   Next: 40%
Magic:  4/4        EV:  9    Int:  5    God:
Gold:   131        SH:  6    Dex: 12    Spells: 4/4 levels left

rFire   . . .      SeeInvis .   a - +1 long sword (holy)
rCold   . . .      Faith    .   d - +1 buckler
rNeg    . . .      Spirit   .   c - +0 scale mail
rPois   .          Reflect  .   (helmet restricted)
rElec   .          Harm     .   (no cloak)
rCorr   +          Rampage  .   (no gloves)
Will    .....                   (no boots)
Stlth   ..........              (no amulet)
HPRegen 0.15/turn               k - ring of resist corrosion
MPRegen 0.09/turn               (no ring)

@: lethally poisoned (-1 -> -5)
A: horns 2, retaliatory headbutt
a: no special abilities


You were on level 4 of the Dungeon.
You visited 1 branch of the dungeon, and saw 4 of its levels.

You collected 131 gold pieces.

Inventory:

Hand Weapons
 a - a +1 long sword of holy wrath (weapon)
 b - a +0 long sword
Armour
 c - a +0 scale mail (worn)
 d - a +1 buckler (worn)
Jewellery
 k - a ring of resist corrosion (left hand)
Scrolls
 f - a scroll of enchant weapon {unknown}
 g - 3 scrolls of fear
 o - 2 scrolls of blinking
 t - a scroll of acquirement
Potions
 e - a potion of might
 h - a potion of ambrosia
 p - a potion of brilliance {unknown}
 r - a potion of heal wounds {unknown}
 s - a potion of haste {unknown}
 u - 2 potions of lignification {unknown}


   Skills:
 + Level 4.3 Fighting
 + Level 4.6 Long Blades
 + Level 4.9 Armour
 + Level 0.4 Dodging
 + Level 0.9 Stealth
 + Level 4.2 Shields


You had 4 spell levels left.
You didn't know any spells.
Your spell library contained the following spells:

 Spells                   Type           Power      Damage    Failure   Level
 Blink                    Tloc           0%         N/A       96%         2
 Manifold Assault         Tloc           0%         N/A       100%        5
 Storm Form               Tmut/Air       0%         N/A       100%        7


Dungeon Overview and Level Annotations

Branches:
Dungeon (4/15)
 Temple: D:4-7

Altars:
Kikubaaqudgha

Shops:
D:1 :

Annotations:
D:4 Blork the orc


Innate Abilities, Weirdness & Mutations

You have a pair of horns on your head.
You reflexively headbutt those who attack you in melee.


Message History

Blork the orc drinks a potion.
Blork the orc suddenly seems more resistant.
Blork the orc points at you and mumbles some strange words.
The puff of frost hits you.
* * * LOW HITPOINT WARNING * * *
Blork the orc casts a spell at you. The magic dart hits you!
* * * LOW HITPOINT WARNING * * *
Found a stone staircase leading down.
Blork the orc looks angry.
Blork the orc begins to cast a cantrip, but forgets the words!
You feel better.
A kobold comes into view. It is wielding a +0 short sword.
Your attacks no longer feel as feeble.
The kobold shouts!
Blork the orc points at you and mumbles some strange words.
The magic dart hits you.
* * * LOW HITPOINT WARNING * * *
You hit the kobold but do no damage.
The kobold hits you with a +0 short sword.
* * * LOW HITPOINT WARNING * * *
You completely miss the kobold. The kobold hits you but does no damage.
The kobold barely misses you. You furiously retaliate!
You headbutt the kobold!
You kill the kobold!
You see here a +0 short sword.
You feel better.
Blork the orc hits you with a +0 mace of venom.
* * * LOW HITPOINT WARNING * * *
You are lethally poisoned!
You see here a +0 short sword.
You hit Blork the orc. You headbutt Blork the orc!
Blork the orc is moderately wounded.
* * * LOW HITPOINT WARNING * * *
You feel sick. You block Blork the orc's attack.
You hit Blork the orc.
Blork the orc is moderately wounded.
* * * LOW HITPOINT WARNING * * *
You feel sick.
Blork the orc hits you with a +0 mace of venom.
You die...

...... #..## ......
....## .....# #.....##
.....# ##.......#####
.....## #>.... .......
......#####..# .......
#..........#####.......
#.............o.......#
#.....#....####@.......
#..)........# #........
..###..#....# #........
.# #.....#### .###.....
# #.....# .# .....
#.....# .# .... ......#
.# ... .# ... ..


You could see Blork the orc (resistant).

Vanquished Creatures
  A jelly (D:3)
  Jessica (D:3)
  2 gnolls (D:4)
  3 adders
  3 worms
  2 dart slugs
  5 ball pythons
  7 bats
  6 endoplasms
  5 giant cockroaches
  8 goblins
  4 hobgoblins
  9 kobolds
  7 quokkas
  6 frilled lizards
  6 rats
75 creatures vanquished.

Vanquished Creatures (others)
  A plant (D:4)
1 creature vanquished.

Grand Total: 76 creatures vanquished

Notes
Turn   | Place    | Note
-------+----------+-------------------------------------------
     0 | D:1      | Peloso the Minotaur Fighter began the quest for the Orb.
     0 | D:1      | Reached XP level 1. HP: 19/19 MP: 0/0
    27 | D:1      | Found Upughe's Book Shoppe.
   214 | D:1      | Reached XP level 2. HP: 20/27 MP: 1/1
   762 | D:1      | You fall into a shaft and drop 1 floor!
   816 | D:2      | Identified the +3 robe "Calaos" {rF- Str+2 Stlth+}
   837 | D:2      | Reached XP level 3. HP: 26/33 MP: 2/2
  1193 | D:2      | Found a faded altar of an unknown god.
  1424 | D:2      | Reached XP level 4. HP: 40/40 MP: 3/3
  2301 | D:3      | Found an ancient bone altar of Kikubaaqudgha.
  2708 | D:3      | Identified the +2 plate armour of Honesty {Contam Dex+5
                  | Slay+4}
  2723 | D:3      | Noticed Jessica
  2728 | D:3      | Killed Jessica
  2949 | D:3      | Reached XP level 5. HP: 46/46 MP: 4/4
  3125 | D:3      | Identified a scroll of acquirement
  3189 | D:4      | Noticed Blork the orc
  3193 | D:4      | HP: 2/47 [Blork the orc/magic dart (10)]
  3209 | D:4      | Slain by Blork the orc

Illustrated notes

Levels and vault maps discovered:
D:1:      dpeg_arrival_rooms_with_view, layout_basic, serial_shops, shop_statue,
          kennysheep_boxes
D:2:      layout_basic, ebering_ecumenical_altar_petrified, st_stairs_14,
          minmay_pentomino_w2
D:3:      layout_loops_ring, mainiacjoe_overflow_tiny_flanked, uniq_jessica
D:4:      gammafunk_cloud_chamber, layout_layer_cave,
          mainiacjoe_overflow_boulevard, portal_sewer_entry_b, minivault_24,
          kennysheep_generic_room_10, uniq_blork_the_orc

Skill      XL: |  1  2  3  4 |
---------------+-------------+-----
Armour         | 4 |  4.9
Shields        | 4 |  4.2
Fighting       | 4 |  4.3
Long Blades    | 3 4 |  4.6
Dodging        | |  0.4
Stealth        | |  0.9

Action                   |  1- 3 |  4- 6 || total
-------------------------+-------+-------++-------
Melee: Long sword        |    90 |    69 ||   159
       Headbutt          |    10 |    11 ||    21
  Use: Scroll            |       |     9 ||     9
       Potion            |       |     2 ||     2
Armor: Scale mail        |    50 |    24 ||    74
Dodge: Dodged            |    41 |    35 ||    76
Block: Buckler           |    15 |    18 ||    33
